 Dungeon Crawl Stone Soup version 0.30-a0-737-gf23d94013f (webtiles) character file.

Game seed: 8300835214557597101

8671 drugrobin the Martial Artist (level 10, -1/74 HPs)
             Began as a Demigod Delver on Feb 1, 2023.
             Slain by a yak (12 damage)
             ... on level 9 of the Dungeon.
             The game lasted 00:34:56 (12958 turns).

drugrobin the Martial Artist (Demigod Delver)      Turns: 12958, Time: 00:34:57

Health: -1/74      AC:  7    Str: 13    XL:     10   Next: 89%
Magic:  20/20      EV: 12    Int: 20    God:
Gold:   149        SH:  4    Dex: 19    Spells: 12/18 levels left

rFire   . . .      SeeInvis .      - Unarmed
rCold   . . .      Faith    .    j - +0 buckler
rNeg    + . .      Spirit   .    O - +0 steam dragon scales
rPois   .          Reflect  .    J - +0 helmet
rElec   .          Harm     .    (no cloak)
rCorr   .          Rampage  .    a - +0 pair of gloves
Will    ++...                    (no boots)
Stlth   +++                      M - amulet of regeneration
HPRegen 1.12/turn                d - ring of willpower
MPRegen 0.17/turn                y - ring of positive energy

@: no status effects
A: high MP 1, forlorn, divine attributes
a: no special abilities


You were on level 9 of the Dungeon.
You visited 2 branches of the dungeon, and saw 11 of its levels.

You collected 747 gold pieces.
You spent 598 gold pieces at shops.

Inventory:

Hand Weapons
 b - a +0 sling
 c - the +9 sword of Zonguldrok {reap}
   (You found it on level 8 of the Dungeon)
 Q - a +2 dagger of speed
Missiles
 u - 10 poisoned darts (quivered)
 I - 5 atropa-tipped darts
 U - 2 silver boomerangs
Armour
 a - a +0 pair of gloves (worn)
 j - a +0 buckler (worn)
 J - a +0 helmet (worn)
 K - a +1 chain mail of cold resistance
 N - a +2 robe of willpower
 O - +0 steam dragon scales (worn)
Jewellery
 d - a ring of willpower (left hand)
 r - an amulet of magic regeneration
 y - a ring of positive energy (right hand)
 B - an amulet of the acrobat
 C - the amulet of Rodd {Acrobat rC- Int+7 Dex+2}
   (You found it on level 3 of the Dungeon)

   [amulet of the acrobat]

   It increases your evasion while moving and waiting.
   Int:       It affects your intelligence (+7).
   Dex:       It affects your dexterity (+2).
   rC:        It makes you vulnerable to cold.
 M - an amulet of regeneration (around neck)
Wands
 f - a wand of digging (2)
 k - a wand of polymorph (4)
 p - a wand of flame (14)
 G - a wand of iceblast (4)
Scrolls
 g - 3 scrolls of vulnerability {unknown}
 i - 3 scrolls of magic mapping
 l - 2 scrolls of silence
 m - a scroll of immolation
 o - a scroll of poison {unknown}
 q - 6 scrolls of teleportation
 v - 4 scrolls of enchant weapon {unknown}
 w - a scroll of amnesia {unknown}
 x - 7 scrolls of blinking
 H - 3 scrolls of enchant armour
 L - 2 scrolls of noise {unknown}
 T - a scroll of torment {unknown}
Potions
 e - 3 potions of haste
 h - a potion of magic
 n - a potion of curing
 t - a potion of cancellation
 z - a potion of might
 A - a potion of ambrosia
 D - 2 potions of lignification
 E - 3 potions of invisibility
 F - 3 potions of brilliance
 P - a potion of attraction
 R - a potion of berserk rage {unknown}
 S - a potion of flight {unknown}


   Skills:
 - Level 2.6 Fighting
 - Level 1.7 Dodging
 - Level 4.5 Stealth
 * Level 13.7 Unarmed Combat
 + Level 4.5 Spellcasting
 + Level 4.3 Transmutations
 - Level 4.0 Evocations


You had 12 spell levels left.
You knew the following spells:

 Your Spells              Type           Power      Damage    Failure   Level
a - Ignite Poison         Fire/Tmut/Pois 10%        N/A       26%         3
b - Call Canine Familiar  Summ           4%         N/A       45%         3

Your spell library contained the following spells:

 Spells                   Type           Power      Damage    Failure   Level
 Passwall                 Tmut/Erth      10%        N/A       11%         2
 Ensorcelled Hibernation  Hex/Ice        8%         N/A       26%         2
 Kindle Blastsparks       Fire/Tloc/Air  8%         2d10      45%         3
 Ozocubu's Armour         Ice            4%         N/A       45%         3
 Portal Projectile        Hex/Tloc       8%         N/A       45%         3
 Swiftness                Air            4%         N/A       45%         3
 Anguish                  Hex/Necr       2%         N/A       86%         4
 Cause Fear               Hex            2%         N/A       86%         4
 Leda's Liquefaction      Hex/Erth       2%         N/A       86%         4
 Alistair's Intoxication  Tmut/Pois      8%         N/A       88%         5
 Borgnjor's Vile Clutch   Necr/Erth      2%         N/A       99%         5
 Freezing Cloud           Conj/Ice/Air   2%         6-21      99%         5
 Metabolic Englaciation   Hex/Ice        2%         N/A       99%         5
 Eringya's Noxious Bog    Tmut/Pois      6%         N/A       100%        6
 Simulacrum               Ice/Necr       2%         N/A       100%        6
 Dragon Form              Tmut           11%        N/A       100%        7
 Enfeeble                 Hex            2%         N/A       100%        7
 Dragon's Call            Summ           2%         N/A       100%        9


Dungeon Overview and Level Annotations

Branches:
Dungeon (10/15)            Temple (1/1) D:5             Orc (0/2) D:9
   Lair: D:8-11

Shops:
D:7 ?!

Annotations:
D:7 3 runed translucent doors, browni3141's ghost, novice HuEE
D:9 3 runed translucent doors, Nabski's ghost, novice TeFE


Innate Abilities, Weirdness & Mutations

You have an increased reservoir of magic. (+10% MP)
You shall have no god before yourself.
Your divine heritage dramatically boosts your attributes as you level up.


Message History

c - the +9 sword of Zonguldrok (weapon)
{reap} You slash the yak!
You kill the yak!
The yak gores you!
* * * LOW HITPOINT WARNING * * *
The yak closely misses you.
Unknown command.
Unknown command.
You are now empty-handed.
You hit the yak but do no damage. The yak gores you but does no damage.
You closely miss the yak. The yak gores you!
* * * LOW HITPOINT WARNING * * *
Unknown command.
You hit the yak.
The yak is lightly wounded.
Unknown command.
Unknown command.
Throw: 5 darts (atropa)
Press: ? - help, Shift-Dir - straight line, f - yak
Aim: a yak (lightly wounded, 72% to hit, chance to blind on hit: 30%)
Okay, then.
You hit the yak.
The yak is moderately wounded.
The yak gores you!
* * * LOW HITPOINT WARNING * * *
Unknown command.
Unknown command.
Unknown command.
Unknown command.
You feel better. The yak gores you but does no damage.
You closely miss the yak.
The yak is moderately wounded.
The yak gores you!
* * * LOW HITPOINT WARNING * * *
Unknown command.
Unknown command.
You punch the yak!
The yak is heavily wounded.
The yak gores you!
You die...

### #### ###.#######
##..####....##.#.##
#....##.÷÷.##.....##
##..####...###.#...####
#....)Y...............
##...†@................
##......[...............
#.......................
##......................
##....>.................
#.............".........
##.....................Z
#......................
##.....................


You could see a yak.

Vanquished Creatures
  A hornet (D:9)
  23 yaks
  A vampire (D:8)
  A warg (D:6)
  8 orc warriors
  4 ice beasts
  A sky beast (D:7)
  A black bear (D:8)
  A wolf (D:6)
  4 ogres
  A centaur (D:6)
  2 kobold brigands
  A phantom (D:6)
  3 bullfrogs
  3 necrophages (D:7)
  4 wyvern zombies (D:7)
  4 scorpions
  A gnoll sergeant (D:5)
  10 wights
  5 howler monkeys
  A centaur zombie (D:7)
  A human zombie (D:7)
  3 hounds
  2 jellies (D:7)
  8 orc priests
  4 iguanas
  11 orc wizards
  2 mummies (D:7)
  11 gnolls
  3 adders
  2 shadow imps (D:7)
  A white imp (D:6)
  An ufetubus (D:5)
  3 worms
  2 dart slugs
  23 orcs
  9 endoplasms
  15 giant cockroaches
  5 goblins
  5 hobgoblins
  11 kobolds
  4 quokkas
  6 ball pythons
  2 bats
  5 frilled lizards
  7 rats
226 creatures vanquished.

Vanquished Creatures (collateral kills)
  A yak (D:8)
  A howler monkey (D:10)
2 creatures vanquished.

Vanquished Creatures (others)
  A yak zombie (D:10)
  2 howler monkey zombies (D:10)
  10 orc zombies
  A kobold (D:9)
  2 demonic plants (D:1)
  14 plants
30 creatures vanquished.

Grand Total: 258 creatures vanquished

Notes
Turn   | Place    | Note
-------+----------+-------------------------------------------
     0 | D:5      | drugrobin the Demigod Delver began the quest for the Orb.
     0 | D:5      | Reached XP level 1. HP: 18/18 MP: 3/3
    14 | D:5      | Noticed an ice beast
    45 | D:5      | Found a staircase to the Ecumenical Temple.
    54 | D:5      | Reached skill level 2 in Unarmed Combat
   526 | D:1      | Reached XP level 2. HP: 25/25 MP: 4/4
   681 | D:1      | Reached skill level 3 in Unarmed Combat
   737 | D:1      | Reached XP level 3. HP: 26/30 MP: 5/5
  1606 | D:2      | Reached skill level 4 in Unarmed Combat
  1705 | D:2      | Reached XP level 4. HP: 30/37 MP: 6/6
  2151 | D:3      | Identified the amulet of Rodd {Acrobat rC- Int+7 Dex+2}
  3135 | D:4      | Noticed an ogre
  3673 | D:4      | Reached skill level 5 in Unarmed Combat
  3673 | D:4      | Reached XP level 5. HP: 27/42 MP: 7/7
  4013 | D:5      | Noticed an ogre
  4209 | Temple   | Entered the Ecumenical Temple
  4217 | Temple   | Reached skill level 6 in Unarmed Combat
  4241 | D:5      | Reached XP level 6. HP: 45/50 MP: 8/8
  4248 | D:5      | Learned a level 3 spell: Ignite Poison
  4831 | D:5      | Reached skill level 7 in Unarmed Combat
  4976 | D:5      | Reached XP level 7. HP: 28/56 MP: 9/9
  5601 | D:5      | Reached skill level 8 in Unarmed Combat
  5955 | D:6      | Noticed Maggie
  6352 | D:7      | Reached skill level 9 in Unarmed Combat
  6391 | D:7      | Reached XP level 8. HP: 21/59 MP: 10/10
  6694 | D:7      | Found Ufiagah's Magic Scroll Shoppe.
  6702 | D:7      | Bought a scroll of teleportation for 39 gold pieces
  6702 | D:7      | Bought a scroll of identify for 26 gold pieces
  6702 | D:7      | Bought a scroll of enchant armour for 97 gold pieces
  6702 | D:7      | Bought a scroll of blinking for 97 gold pieces
  6702 | D:7      | Bought a scroll of identify for 26 gold pieces
  6702 | D:7      | Bought a scroll of silence for 123 gold pieces
  6702 | D:7      | Bought a scroll of immolation for 52 gold pieces
  6702 | D:7      | Bought a scroll of identify for 26 gold pieces
  6787 | D:7      | Found Laig's Distillery.
  6910 | D:7      | Identified the +6 lajatang of Holib {speed, MP+9}
  7583 | D:7      | Reached skill level 10 in Unarmed Combat
  8152 | D:7      | Found a runed translucent gate.
  8152 | D:7      | Noticed browni3141's ghost (novice HuEE)
  8154 | D:7      | Found a runed translucent gate.
  8155 | D:7      | Found a runed translucent gate.
  8156 | D:7      | Identified the +3 plate armour of Arixag {Rampage +Blink
                  | rC-}
  8348 | D:7      | Reached skill level 1 in Transmutations
  8348 | D:7      | Reached skill level 1 in Evocations
  8944 | D:6      | Reached XP level 9. HP: 68/68 MP: 11/11
  9077 | D:6      | Reached skill level 11 in Unarmed Combat
  9784 | D:6      | Maggie changed into Maggie the wolf
  9784 | D:6      | Noticed Maggie
  9791 | D:6      | Killed Maggie the wolf
  9948 | D:5      | Noticed a rust devil
  9948 | D:5      | Noticed a rust devil
 10518 | D:7      | Bought a potion of might for 56 gold pieces
 10518 | D:7      | Bought a potion of brilliance for 56 gold pieces
 10675 | D:8      | Learned a level 3 spell: Call Canine Familiar
 10916 | D:8      | Found the +9 sword of Zonguldrok {reap}
 11305 | D:8      | Reached skill level 12 in Unarmed Combat
 11305 | D:8      | Reached skill level 1 in Spellcasting
 11487 | D:8      | Reached XP level 10. HP: 30/74 MP: 16/16
 11873 | D:9      | Reached skill level 13 in Unarmed Combat
 12004 | D:9      | Found a staircase to the Orcish Mines.
 12251 | D:9      | Found a runed translucent gate.
 12251 | D:9      | Found a runed translucent gate.
 12252 | D:9      | Found a runed translucent gate.
 12252 | D:9      | Noticed Nabski's ghost (novice TeFE)
 12470 | D:10     | Entered Level 10 of the Dungeon
 12958 | D:9      | Slain by a yak

Illustrated notes

Levels and vault maps discovered:
D:1:      dpeg_arrival_rhombi, layout_rooms, shapermc_ecumenical_altar_gd
D:2:      minmay_roachtagon, layout_loops_ring, minmay_pentomino_t4
D:3:      layout_basic, grunt_temple_overflow_open, overflow_temple_1_default,
          kennysheep_generic_room_8
D:4:      layout_basic, roderic_cross_of_infinity
D:5:      cheibrodos_iron_armory, layout_cave_pools, amcnicky_altar_gilded,
          minmay_temple_entry_overgrown, lexackson_kobold_supper
D:6:      layout_cave_pods, cheibriados_altar_1,
          nicolae_dithmenos_shadow_blocks, uniq_maggie
D:7:      layout_layer_cave, lemuel_mausoleum_altar_yredelemnul,
          biasface_ghost_orc_armoury, serial_shops, nicolae_shop_waterfront,
          shop
D:8:      layout_basic, kennysheep_mini_moat
D:9:      layout_cross, fedhas_altar_1, david_orc_4, gammafunk_ghost_ooze
D:10:     layout_rooms, mainiacjoe_overflow_alcove_1,
          nicolae_kikubaaqudgha_miasma_corner, dpeg_oklobed_lair,
          gammafunk_ghost_hydra_chop
Temple:   nicolae_temple_superstar

Skill      XL: |  1  2  3  4  5  6  7  8  9 10 |
---------------+-------------------------------+-----
Unarmed Combat | 2 3 4 5 6 7 9 10 12 13 | 13.7
Transmutations | 2 3 4 |  4.3
Evocations     | 2 4 |  4.0
Spellcasting   | 2 4 |  4.5
Fighting       | |  2.6
Dodging        | |  1.7
Stealth        | |  4.5

Action                     |  1- 3 |  4- 6 |  7- 9 | 10-12 || total
---------------------------+-------+-------+-------+-------++-------
  Melee: Unarmed           |   109 |   201 |   388 |   112 ||   810
         Rapier            |     6 |       |       |       ||     6
         Dagger            |       |    77 |       |       ||    77
         Double sword      |       |       |    25 |   111 ||   136
   Fire: Sling             |    13 |     5 |    40 |       ||    58
  Throw: Dart              |       |    37 |    73 |    23 ||   133
         Throwing net      |       |       |     3 |       ||     3
   Cast: Ignite Poison     |       |       |     1 |     1 ||     2
  Evoke: Wand              |       |       |     5 |     2 ||     7
    Use: Scroll            |     1 |       |    12 |     1 ||    14
         Potion            |       |       |     3 |     2 ||     5
   Stab: Sleeping          |     9 |     3 |     2 |       ||    14
         Distracted        |     1 |       |       |     2 ||     3
         Invisible         |       |       |     2 |     1 ||     3
         Held in net/web   |       |       |     1 |       ||     1
 Armour: Leather armour    |    28 |    16 |       |       ||    44
         Ring mail         |       |    16 |       |       ||    16
         Scale mail        |       |    59 |    63 |       ||   122
         Steam dragon scal |       |       |    39 |    68 ||   107
  Dodge: Dodged            |    52 |   122 |   160 |   133 ||   467
  Block: Buckler           |    15 |    32 |    59 |    44 ||   150

Table legend: (Time is in decaauts)
 A = Elapsed time spent in this place.
 B = Non-inter-level travel time spent in this place.
 C = Inter-level travel time spent in this place.
 D = Time resting spent in this place.
 E = Time spent auto-exploring this place.
 F = Levels seen in this place.
 G = Mean time per level.
                   A        B        C        D        E       F      G
               +--------+--------+--------+--------+--------+-----+--------+
         Total |  12956 |  12331 |    625 |   3051 |   5692 |  11 | 1177.8 |
       Dungeon |  12948 |  12323 |    625 |   3051 |   5692 |  10 | 1294.8 |
        Temple |      8 |      8 |      0 |      0 |      0 |   1 |    8.0 |
               +--------+--------+--------+--------+--------+-----+--------+

Top non-repeatable levels by time:
     D:7: 3454 daAuts
     D:5: 1721 daAuts
     D:4: 1320 daAuts
     D:6: 1288 daAuts
     D:3: 1196 daAuts
     D:8: 1156 daAuts
     D:9: 1061 daAuts
     D:2: 892 daAuts
     D:1: 680 daAuts
    D:10: 175 daAuts
  Temple: 8 daAuts
